 Dungeon Crawl Stone Soup version 0.24.0-13-gcf9b319 (webtiles) character file.

Game seed: 3406842252619337760, levelgen mode: deterministic

65 sighowe the Digger (level 3, 0/28 HPs)
             Began as a Deep Dwarf Earth Elementalist on Nov 10, 2019.
             Killed from afar by an orc wizard (11 damage)
             ... with a puff of flame
             ... on level 3 of the Dungeon.
             The game lasted 00:05:26 (574 turns).

sighowe the Digger (Deep Dwarf Earth Elementalist)   Turns: 574, Time: 00:05:27

Health: 0/28       AC:  2    Str: 12    XL:     3   Next: 92%
Magic:  2/6        EV: 13    Int: 13    God:
Gold:   47         SH:  0    Dex: 15    Spells: 3/6 levels left

rFire    x . .     SeeInvis .   e - +0 dagger
rCold    + . .     Gourm    .   (no shield)
rNeg     . . .     Faith    .   c - +0 robe
rPois    .         Spirit   .   (no helmet)
rElec    .         Reflect  .   (no cloak)
rCorr    .         Harm     .   (no gloves)
MR       +....                  (no boots)
Stlth    +++.......             (no amulet)
HPRegen  0.00/turn              g - ring of ice
MPRegen  0.10/turn              (no ring)

@: non-regenerating
A: damage resistance, heal wounds, thin skeletal structure 1, dopey 1, magic
resistance 1, sense surroundings 1, MP-powered wands, no regeneration
a: Heal Wounds


You were on level 3 of the Dungeon.
You were not hungry.

You visited 1 branch of the dungeon, and saw 4 of its levels.

You collected 47 gold pieces.

Inventory:

Hand Weapons
 e - a +0 dagger (weapon)
Missiles
 b - 63 stones (quivered)
Armour
 c - a +0 robe (worn)
Jewellery
 g - a ring of ice (left hand)
 i - a +3 ring of strength {unknown}
Scrolls
 a - 2 scrolls of fog
 h - a scroll of enchant armour
 j - a scroll of identify
Comestibles
 d - 3 rations
 f - a chunk of flesh


   Skills:
 + Level 2.7 Dodging
 + Level 2.9 Stealth
 + Level 2.4 Spellcasting
 + Level 0.8 Transmutations
 + Level 5.1 Earth Magic


You had 3 spell levels left.
You knew the following spells:

 Your Spells              Type           Power        Failure   Level  Hunger
a - Sandblast             Erth           ###...       3%          1    #......
b - Passwall              Tmut/Erth      #.......     11%         2    ###....

Your spell library contained the following spells:

 Spells                   Type           Power        Failure   Level  Hunger
 Stone Arrow              Conj/Erth      #.....       26%         3    ###....
 Petrify                  Tmut/Erth      #.......     56%         4    #####..
 Lee's Rapid Deconstruct  Erth           ###.......   63%         5    ######.


Dungeon Overview and Level Annotations

Branches:
Dungeon (4/15)
 Temple: D:4-7

Altars:


Innate Abilities, Weirdness & Mutations

You are resistant to damage.
You can heal yourself by infusing magical energy.
You passively map a small area around you.
You do not regenerate.
You have a somewhat thin skeletal structure. (Dex +2, Stealth)
You are dopey. (Int -2)
You are resistant to hostile enchantments. (MR+)
You expend magic power (3 MP) to strengthen your wands.


Message History

The orc hits you.
You hit the orc.
The orc is almost dead.
The orc barely misses you.
You hit the orc.
You kill the orc!
The orc throws a boomerang.
The boomerang hits you but does no damage.
The weapon returns to the orc!
You hit the orc wizard.
The orc wizard is severely wounded.
The orc wizard closely misses you.
You hit the orc wizard but do no damage.
The orc wizard is severely wounded.
The orc wizard hits you but does no damage.
You hit the orc wizard.
The orc wizard is almost dead.
The orc wizard gestures at you while chanting.
The puff of flame hits you! The fire burns you terribly!
You die...

* #.# ######## *, #.#
#......# #########.#
#......#
..........####....).#
..............>.....#
,$............#......#
..........##.#o.....#
..........##.#o######
#########.##.#@#
#..#.#.#####
#..........#
#....#.###.# *
*#.#..#.#.#.############
,,
,#.#..#.#...............
, *
#.#..#.#.#.###########.
#.#..#.#...# #. , *
#.#....##### * #.


You could see an orc wizard and an orc.

Vanquished Creatures
  An orc wizard (D:4)
  2 adders
  A leopard gecko (D:2)
  An orc (D:3)
  4 bats
  A giant cockroach (D:2)
  3 goblins
  3 hobgoblins
  2 kobolds
  A ball python (D:2)
  2 frilled lizards
  2 rats (D:3)
23 creatures vanquished.

Notes
Turn   | Place    | Note
-------+----------+-------------------------------------------
     0 | D:1      | sighowe the Deep Dwarf Earth Elementalist began the quest
                  | for the Orb.
     0 | D:1      | Reached XP level 1. HP: 15/15 MP: 3/3
   140 | D:2      | Reached XP level 2. HP: 16/22 MP: 1/4
   325 | D:2      | Learned a level 2 spell: Passwall
   354 | D:2      | Gained mutation: You are resistant to hostile enchantments.
                  | (MR+) [potion of mutation]
   354 | D:2      | Gained mutation: You have a somewhat thin skeletal
                  | structure. (Dex +2, Stealth) [potion of mutation]
   354 | D:2      | Gained mutation: You are dopey. (Int -2) [potion of
                  | mutation]
   354 | D:2      | Gained mutation: You expend magic power (3 MP) to
                  | strengthen your wands. [potion of mutation]
   418 | D:3      | Reached XP level 3. HP: 28/28 MP: 3/6
   556 | D:4      | Noticed an ogre
   560 | D:4      | Reached skill level 5 in Earth Magic
   574 | D:3      | Killed from afar by an orc wizard

Levels and vault maps discovered:
D:1:      psy_arrival_spokes, layout_loops_ring
D:2:      layout_basic, first_ration, minmay_door_square,
          minmay_misc_feat_tower, kennysheep_generic_room_11
D:3:      layout_basic, makhleb_heckhound_becter
D:4:      layout_rooms, minmay_temple_entry_offerings

Skill      XL: |  1  2  3 |
---------------+----------+-----
Spellcasting   | 2 |  2.4
Earth Magic    | 5 |  5.1
Dodging        | |  2.7
Stealth        | |  2.9
Transmutations | |  0.8

Action                   || total
-------------------------++-------
Melee: Unarmed           ||     4
       Dagger            ||    15
 Cast: Sandblast         ||    29
  Use: Potion            ||     3
       Scroll            ||     3
 Stab: Sleeping          ||     1
Armor: Robe              ||     5
Dodge: Dodged            ||    19
